AoeStats
← [KMNB] Scorpion

Arabia

504580887Analyzed
1v1 RM · 28d ago on Sep 5, 2026· 47m 2s· 2 players
Game mode
Random Map
Map size
Tiny (2 player)
Population
200
Speed
Normal
Resources
Standard
Victory
Conquest
Starting age
Dark Age
Ending age
Imperial Age
RankedLock teamsTeams togetherTeam positionsShared explorationLock speedFull tech treeHidden civsTurbo modeCheats
Victory
Defeat
🇧🇷 Persians · Brazil
1030
+16
🇨🇿 Franks · Czechia
1024
-16
Kapradi
7:51 Loom
10:14 Feudal Age
12:24 Double-Bit Axe
18:55 Scale Barding Armor
20:05 Wheelbarrow
20:30 Forging
22:48 Castle Age
22:17 Fletching
22:28 Padded Archer Armor
25:16 Bow Saw
26:35 Elite Skirmisher
28:29 Bodkin Arrow
28:49 Leather Archer Armor
38:07 Imperial Age
38:22 Chain Barding Armor
38:37 #83
38:44 Ballistics
39:03 Capped Ram
41:05 Chemistry
40:19 Masonry
41:00 Heavy Cavalry Archer
41:32 Cavalier
45:25 Husbandry
[KMNB] Scorpion
6:37 Loom
9:02 Feudal Age
11:02 Double-Bit Axe
17:51 Wheelbarrow
20:33 Castle Age
18:46 Horse Collar
19:38 Bloodlines
21:19 Husbandry
22:59 Forging
24:23 Bow Saw
25:52 Scale Barding Armor
26:50 Gold Mining
28:20 Chain Barding Armor
30:55 Iron Casting
32:22 Town Watch
35:25 Imperial Age
32:36 Elite Skirmisher
35:20 Fletching
36:45 Two-Man Saw
36:19 Cavalier
37:23 Stone Mining
37:38 Bodkin Arrow
37:44 Padded Archer Armor
38:33 Plate Barding Armor
38:52 Thumb Ring
41:13 Blast Furnace
41:08 Leather Archer Armor
45:25 Hand Cart
46:14 Savar
47:07 Town Patrol
Connection lost

Rejoining the realm…

Still unreachable

The connection could not be restored.

Session expired

The server has moved on; the page needs a fresh start.